 Dungeon Crawl Stone Soup version 0.24-a0-335-g06ca16a (webtiles) character file.

Game seed: 14674545813931117013

2259 Gildeon the Blocker (level 9, -10/48 HPs)
             Began as a Gargoyle Fighter on May 11, 2019.
             Was a Plaything of Xom.
             Killed by divine providence
             ... invoked by an orc priest
              (16 damage)
             ... on level 7 of the Dungeon on May 18, 2019.
             The game lasted 00:27:21 (5808 turns).

Gildeon the Blocker (Gargoyle Fighter)              Turns: 5808, Time: 00:27:22

Health: -10/48     AC: 22    Str: 21      XL:     9   Next: 38%
Magic:  9/9        EV:  9    Int: 12 (13) God:    Xom [......]
Gold:   659        SH: 12    Dex: 10 (11) Spells: 8/8 levels left

rFire    . . .     SeeInvis .   a - +1 morningstar
rCold    + . .     Gourm    .   c - +1 shield
rNeg     + . .     Faith    .   x - +0 chain mail
rPois    ∞         Spirit   .   b - +1 helmet
rElec    +         Reflect  .   u - +0 cloak
rCorr    +         Harm     .   v - +0 pair of gloves
MR       .....     Rnd*Tele +   (no boots)
Stlth    ..........             (no amulet)
HPRegen  0.56/turn              j - ring of protection from cold
MPRegen  0.11/turn              w - ring of resist corrosion

@: no status effects
A: big wings, fangs 1, slimy green scales 1, clever 2, deterioration 1, frail 1,
negative energy resistance 1, sense surroundings 1, regeneration 1, electricity
resistance, teleportitis 1, unbreathing, evolution 1, petrification resistance,
rot immunity, sturdy frame 1, AC +6
a: Fly, Renounce Religion


You were on level 7 of the Dungeon.
You worshipped Xom.
You were a very special plaything of Xom.
You were not hungry.

You visited 1 branch of the dungeon, and saw 7 of its levels.
You also visited: Sewer.

You collected 659 gold pieces.

Inventory:

Hand Weapons
 a - a +1 morningstar (weapon)
 z - a +2 whip of flaming
Missiles
 m - 282 stones (quivered)
Armour
 b - a +1 helmet (worn)
 c - a +1 shield (worn)
 u - a +0 cloak (worn)
 v - a +0 pair of gloves (worn)
 x - a +0 chain mail (worn)
Jewellery
 j - a ring of protection from cold (left hand)
 w - a ring of resist corrosion (right hand)
Wands
 q - a wand of disintegration (20)
Scrolls
 i - 3 scrolls of amnesia
 r - 2 scrolls of blinking
 s - 5 scrolls of teleportation
 t - 3 scrolls of fear
 y - 6 scrolls of remove curse
Potions
 d - 2 potions of might
 e - a potion of ambrosia
 g - 2 potions of curing
 h - 3 potions of haste
 k - a potion of magic
 l - a potion of agility
 n - 3 potions of brilliance
 o - a potion of lignification
 p - a potion of degeneration {unknown}
 A - 3 potions of heal wounds
Comestibles
 f - 9 rations
 B - 8 chunks of flesh


   Skills:
 - Level 5.0 Fighting
 + Level 7.0 Maces & Flails
 - Level 5.0 Armour
 + Level 4.6 Dodging
 + Level 8.1 Shields


You had 8 spell levels left.
You didn't know any spells.
Your spell library was empty.

Dungeon Overview and Level Annotations

Branches:
Dungeon (7/15)             Temple (0/1) D:7

Altars:
Gozag
Xom


Innate Abilities, Weirdness & Mutations

You are resistant to torment.
Your stone body is resilient. (AC +6)
You are immune to poison.
You resist negative energy. (rN+)
You are resistant to electric shocks. (rElec)
You can survive without breathing.
You are immune to petrification.
You are immune to rotting.
Your large and strong wings let you fly indefinitely.
You have very sharp teeth.
You are partially covered in slimy green scales. (AC +2)
Your mind is very acute. (Int +4)
Your body sometimes deteriorates upon taking damage.
You are frail. (-10% HP)
You passively map a small area around you.
Your natural rate of healing is unusually fast.
You are occasionally teleported next to monsters.
You evolve.
Your movements are slightly less encumbered by armour. (ER -2)


Message History

You kill the adder!
The worker ant bites you but does no damage.
The orc warrior closely misses you. Something hits you but does no damage.
The worker ant barely misses you. Something hits you but does no damage.
The orc priest invokes the aid of Beogh against you.
Beogh smites you!
* * * LOW HITPOINT WARNING * * *
Your body deteriorates!
You feel clumsy.
The crimson imp blinks!
You hit the worker ant.
The worker ant is lightly wounded.
Xom almost notices you.
Your shield spins!
Something completely misses you.
The worker ant bites you but does no damage.
Something hits you but does no damage.
The orc priest mumbles some strange prayers to Beogh against you.
Beogh smites you!
You die...
Xom howls with laughter!

.###.....)(.......,#
###.§(#§#.#.#### .,
#..§).....####.#
######.#.Z...... ,
######ccoo...... * *
#......loo..(# ,
#.######l###.# ,
####a# * , * #...@#
, .....#### .###* ,*
* , * *, , * ** * *
* * , , , ,, * * , ,
, , *


You could see an orc warrior, a centaur, an iguana, a worker ant, an orc priest,
2 orcs, a leopard gecko and a howler monkey skeleton.

Vanquished Creatures
  Sigmund (D:6)
  A yak (D:6)
  4 slaves (D:6)
  2 ogres
  6 bullfrogs
  2 scorpions
  4 wights (D:6)
  A howler monkey (D:4)
  A bullfrog zombie (D:5)
  An orc priest (D:7)
  4 hounds
  A bullfrog skeleton (D:5)
  4 orc wizards
  6 worker ants
  A worker ant zombie (D:6)
  A howler monkey skeleton (D:4)
  10 adders
  7 gnolls
  A river rat (D:5)
  10 oozes (Sewer)
  An adder skeleton (D:6)
  2 worms
  3 dart slugs
  16 leopard geckos
  21 orcs
  12 ball pythons
  25 giant cockroaches
  2 goblins
  3 hobgoblins
  3 jackals (D:6)
  4 kobolds
  2 quokkas (D:4)
  2 bats
  10 frilled lizards
  A leopard gecko skeleton (D:4)
  A quokka skeleton (D:6)
  A quokka zombie (D:6)
  2 rats (D:1)
179 creatures vanquished.

Vanquished Creatures (collateral kills)
  An orc warrior (D:5)
  A sky beast (D:5)
  A water moccasin skeleton (D:6)
  A wight (D:6)
  A hound (D:5)
  An orc priest (D:5)
  An iguana (D:5)
  A gnoll (D:5)
  An adder (D:3)
  A leopard gecko (D:3)
  3 orcs (D:5)
  2 giant cockroaches (D:3)
  A ball python (D:5)
16 creatures vanquished.

Vanquished Creatures (others)
  A scorpion (D:4)
  A ball lightning (D:4)
2 creatures vanquished.

Grand Total: 197 creatures vanquished

Notes
Turn   | Place    | Note
-------+----------+-------------------------------------------
     0 | D:1      | Gildeon the Gargoyle Fighter began the quest for the Orb.
     0 | D:1      | Reached XP level 1. HP: 14/14 MP: 1/1
   629 | D:1      | Reached XP level 2. HP: 19/19 MP: 2/2
   835 | D:2      | Found a faded altar of an unknown god.
   988 | D:2      | Became a worshipper of Xom of Chaos
  1073 | D:2      | XOM: divination: magic mapping
  1275 | D:2      | XOM is BORED!
  1275 | D:2      | XOM: harmless Tmut miscast
  1304 | D:2      | XOM: divination: magic mapping
  1416 | D:2      | XOM: potion effect (might)
  1533 | D:2      | XOM: god gift: 350 gold pieces
  1592 | D:3      | Reached XP level 3. HP: 23/23 MP: 3/3
  1598 | D:3      | Found an opulent altar of Gozag.
  1716 | D:3      | XOM: cloud trail
  1840 | D:3      | XOM: god gift: 61 gold pieces
  1852 | D:3      | XOM: summons 1 hostile demon
  2097 | D:3      | Reached XP level 4. HP: 29/29 MP: 4/4
  2192 | D:3      | XOM: summons friendly shadow imp
  2230 | D:3      | Reached skill level 4 in Shields
  2313 | D:3      | XOM: medium Tloc miscast
  2314 | D:3      | Noticed a spatial vortex
  2314 | D:3      | Noticed a spatial vortex
  2759 | D:4      | Reached XP level 5. HP: 33/33 MP: 5/5
  2763 | D:4      | Upgraded the game from 0.24-a0-292-g5c6fb1c to
                  | 0.24-a0-312-g16217b4
  2793 | D:4      | XOM: god gift: scroll of fear
  2806 | D:4      | XOM: give mutations
  2806 | D:4      | Gained mutation: Your mind is acute. (Int +2) [Xom's grace]
  2806 | D:4      | Gained mutation: Your natural rate of healing is unusually
                  | fast. [Xom's grace]
  2806 | D:4      | Gained mutation: You evolve. [Xom's grace]
  2806 | D:4      | Gained mutation: You can translocate small distances at
                  | will. [Xom's grace]
  2873 | D:4      | Reached XP level 6. HP: 26/39 MP: 6/6
  2896 | D:4      | XOM: harmless Air miscast
  3087 | D:4      | XOM: swap monsters
  3185 | D:4      | XOM: severe Air miscast
  3186 | D:4      | Reached skill level 5 in Fighting
  3221 | D:4      | XOM is BORED!
  3221 | D:4      | XOM: torment (32/40 hp)
  3276 | D:4      | Reached skill level 5 in Armour
  3276 | D:4      | Reached skill level 5 in Shields
  3276 | D:4      | Reached XP level 7. HP: 43/44 MP: 7/7
  3391 | D:4      | XOM: give mutations
  3391 | D:4      | Lost mutation: You can translocate small distances at will.
                  | [Xom's mischief]
  3391 | D:4      | Gained mutation: You are frail. (-10% HP) [Xom's mischief]
  3391 | D:4      | Gained mutation: Your body sometimes deteriorates upon
                  | taking damage. [Xom's mischief]
  3391 | D:4      | Gained mutation: You are occasionally teleported next to
                  | monsters. [Xom's mischief]
  3499 | D:4      | Gained mutation: Your movements are slightly less
                  | encumbered by armour. (ER -2) [evolution]
  3538 | D:5      | Entered Level 5 of the Dungeon
  3567 | D:5      | XOM: summons friendly orange demon
  3575 | D:5      | Reached skill level 1 in Dodging
  3586 | D:5      | XOM: cast spell 'Metabolic Englaciation'
  3677 | D:5      | Upgraded the game from 0.24-a0-312-g16217b4 to
                  | 0.24-a0-335-g06ca16a
  3729 | D:5      | XOM: scenery: 1 doors open
  3840 | D:5      | XOM: summons friendly neqoxec
  3886 | D:5      | XOM: butterfly on damage
  3898 | D:5      | Reached skill level 5 in Maces & Flails
  3898 | D:5      | Reached skill level 6 in Shields
  3898 | D:5      | Reached XP level 8. HP: 20/44 MP: 8/8
  4142 | D:5      | Found a glowing drain.
  4149 | Sewer    | Entered a sewer
  4324 | Sewer    | XOM: fog
  4343 | Sewer    | XOM: fog
  4470 | Sewer    | XOM: god gift: great mace {god gift}
  4566 | Sewer    | XOM: give mutations
  4566 | Sewer    | Gained mutation: You passively map a small area around you.
                  | [Xom's grace]
  4566 | Sewer    | Gained mutation: Your large and strong wings let you fly
                  | indefinitely. [Xom's grace]
  4566 | Sewer    | Gained mutation: You have very sharp teeth. [Xom's grace]
  4606 | Sewer    | XOM: smoke on damage
  4611 | Sewer    | XOM: god gift: 39 gold pieces
  4717 | D:5      | XOM: give mutations
  4717 | D:5      | Gained mutation: Your mind is very acute. (Int +4) [Xom's
                  | grace]
  4717 | D:5      | Gained mutation: You are partially covered in slimy green
                  | scales. (AC +2) [Xom's grace]
  4809 | D:6      | XOM: summons 5 friendly demons
  4841 | D:6      | Reached skill level 7 in Shields
  5085 | D:6      | Noticed Sigmund
  5091 | D:6      | Killed Sigmund
  5091 | D:6      | Reached XP level 9. HP: 45/48 MP: 9/9
  5153 | D:6      | XOM: god gift: fan of gales
  5195 | D:6      | Noticed Pikel
  5217 | D:6      | XOM: potion effect (haste)
  5230 | D:6      | XOM: divination: magic mapping
  5253 | D:6      | Noticed Pikel
  5253 | D:6      | Pikel changed into Pikel the yak
  5253 | D:6      | XOM: polymorph Pikel -> Pikel the yak
  5261 | D:6      | XOM: 4-stop teleportation journey
  5350 | D:6      | Killed Pikel the yak
  5451 | D:6      | XOM: mild Conj miscast
  5589 | D:6      | XOM: noise
  5703 | D:7      | XOM: butterfly on damage
  5729 | D:7      | Reached skill level 8 in Shields
  5749 | D:7      | Found a staircase to the Ecumenical Temple.
  5762 | D:7      | XOM: enchant monster (bad)
  5765 | D:7      | XOM: enchant monster (bad)
  5804 | D:7      | XOM: blink monster(s)
  5808 | D:7      | XOM: silly message
  5808 | D:7      | Killed from afar by an orc priest

Levels and vault maps discovered:
D:1:      nzn_arrival_depleted_hourglass, layout_basic
D:2:      layout_basic, chequers_ecumenical_altar_island
D:3:      minmay_roachtagon, layout_basic, lemuel_crystal_altar
D:4:      layout_loops_ring, minmay_misc_feat_rugged
D:5:      layout_basic, gup_sewer_entry_bubbles, first_ration
D:6:      layout_gridville, uniq_pikel, uniq_sigmund
D:7:      layout_loops_ring, minmay_temple_entry_sparse_star

Skill      XL: |  1  2  3  4  5  6  7  8  9 |
---------------+----------------------------+-----
Armour         | 4 5 |  5.0
Fighting       | 4 5 |  5.0
Shields        | 4 5 6 7 8 |  8.1
Maces & Flails | 3 4 5 6 7 |  7.0
Dodging        | 2 3 4 |  4.6

Action                   |  1- 3 |  4- 6 |  7- 9 || total
-------------------------+-------+-------+-------++-------
Melee: Flail             |   105 |    74 |       ||   179
       Morningstar       |       |   109 |   648 ||   757
       Bite              |       |       |    26 ||    26
  Use: Scroll            |     7 |     6 |     4 ||    17
 Stab: Distracted        |       |       |     1 ||     1
  Eat: Chunk             |     4 |     4 |    10 ||    18
Armor: Scale mail        |    78 |    76 |       ||   154
       Chain mail        |       |    23 |   572 ||   595
Dodge: Dodged            |    41 |    46 |   383 ||   470
Block: Shield            |    75 |   129 |   604 ||   808

Table legend:
 A = Non-vault XP
 B = Vault XP
 C = Vault XP percentage of total XP
 D = Non-vault monster count
 E = Vault monster count
 F = Vault count percentage of total count
                 A         B        C        D         E       F
            +---------+---------+-------+---------+---------+-------
      Total |    2368 |     860 |  26.6 |     118 |      74 |  38.5
            +---------+---------+-------+---------+---------+-------
        D:1 |      13 |       0 |   0.0 |       7 |       0 |   0.0
        D:2 |      20 |       0 |   0.0 |       3 |       0 |   0.0
        D:3 |      81 |      20 |  19.8 |      20 |      11 |  35.5
        D:4 |     509 |       0 |   0.0 |      25 |       0 |   0.0
        D:5 |     636 |      62 |   8.9 |      26 |       6 |  18.8
        D:6 |     825 |     436 |  34.6 |      25 |       2 |   7.4
        D:7 |     284 |       0 |   0.0 |      12 |       0 |   0.0
      Sewer |       0 |     342 | 100.0 |       0 |      55 | 100.0
            +---------+---------+-------+---------+---------+-------
